 Dungeon Sprint DCSS version 0.26-a0-683-g5206c1d7ac (webtiles) character file.

Game seed: 14700269703071769852

347 rocky1 the Blocker (level 6, -1/46 HPs)
             Began as a Gargoyle Fighter on Oct 23, 2020.
             Was an Initiate of Cheibriados.
             Slain by a spatial vortex (5 damage)
             ... in the Dungeon (Sprint III: "The Ten Rune Challenge").
             The game lasted 00:01:36 (295 turns).

rocky1 the Blocker (Gargoyle Fighter)                Turns: 295, Time: 00:01:36

Health: -1/46      AC: 11    Str: 22    XL:     6   Next: 59%
Magic:  6/6        EV:  8    Int:  9    God:    Cheibriados [......]
Gold:   30         SH: 11    Dex: 11    Spells: 5/5 levels left

rFire    . . .     SeeInvis .   a - +0 flail
rCold    . . .     Faith    .   c - +0 kite shield
rNeg     + . .     Spirit   .   b - +0 scale mail
rPois    ∞         Reflect  .   (no helmet)
rElec    +         Harm     .   (no cloak)
rCorr    .         Rampage  .   (no gloves)
MR       .....     NoTele   +   (no boots)
Stlth    ..........             (no amulet)
HPRegen  0.15/turn              (no ring)
MPRegen  0.10/turn              (no ring)

@: mighty, slow
A: negative energy resistance 1, electricity resistance, unbreathing,
petrification resistance, rot immunity, AC +4
a: Bend Time, Renounce Religion


You were in the Dungeon.
You worshipped Cheibriados.
Cheibriados was noncommittal.
You visited 1 branch You collected 30 gold pieces.

Inventory:

Hand Weapons
 a - a +0 flail (weapon)
Armour
 b - a +0 scale mail (worn)
 c - a +0 kite shield (worn)
Scrolls
 j - a scroll of blinking
 m - a scroll of immolation {unknown}
 n - 4 scrolls of identify
 o - a scroll of holy word {unknown}
 p - a scroll of remove curse {unknown}
Potions
 e - a potion of curing
 f - a potion of heal wounds
 g - 4 potions of mutation {unknown}
 h - 3 potions of magic
 k - a potion of degeneration {unknown}
 l - 2 potions of brilliance {unknown}
 q - a potion of ambrosia {unknown}
 r - 2 potions of flight


   Skills:
 + Level 9.2 Fighting
 + Level 8.0 Maces & Flails
 - Level 3.2 Armour
 + Level 9.3 Shields


You had 5 spell levels left.
You didn't know any spells.
Your spell library was empty.

Dungeon Overview and Level Annotations

Branches:
Dungeon (1/1)

Altars:
Cheibriados
Fedhas
Gozag
Hepliaklqana
Makhleb
Nemelex Xobeh
Qazlal
Xom
Jiyva
Lugonu


Innate Abilities, Weirdness & Mutations

You are resistant to torment.
Your stone body is resilient. (AC +4)
You are immune to poison.
You resist negative energy. (rN+)
You are resistant to electric shocks. (rElec)
You can survive without breathing.
You are immune to petrification.
You are immune to rotting.


Message History

There is a hazy altar of Hepliaklqana here.
The spatial vortex hits you!
* * * LOW HITPOINT WARNING * * *
Space bends around you.
* * * LOW HITPOINT WARNING * * *
There is an opulent altar of Gozag here.
You sock the spatial vortex!
The spatial vortex is moderately damaged.
You are too injured to fight recklessly!
You hit the spatial vortex.
The spatial vortex is moderately damaged.
The spatial vortex hits you but does no damage.
You sock the spatial vortex!
The spatial vortex is heavily damaged.
You sock the spatial vortex!
The spatial vortex is severely damaged.
The spatial vortex hits you.
* * * LOW HITPOINT WARNING * * *
Space bends around you.
You die...

#### ##.# ...#####..#
....#..#..#
#...#..#..###+#+###+##
##..##'#..#..........#
##..###...'.⌠........#
#.)####...#...######'#
#..###....#.⌠.#__#...#
...##.....#...#_@#...#
...#†.....#+###_v#...#
.##.#.....# #__#...+
.#####....# #__'...#
▓▓ ▓▓▓▓▓▓ ▓▓▓▓▓▓▓▓


You could see a spatial vortex.

Vanquished Creatures
  A shadow (D)
  A water elemental (D)
  A scorpion (D)
  A jelly (D)
  Jessica (D)
  A human (D)
  2 oozes (D)
  A rat (D)
9 creatures vanquished.

Vanquished Creatures (others)
  3 plants (D)
3 creatures vanquished.

Grand Total: 12 creatures vanquished

Notes
Turn   | Place    | Note
-------+----------+-------------------------------------------
     0 | D        | rocky1 the Gargoyle Fighter began the quest for the Orb.
     0 | D        | Reached XP level 1. HP: 14/14 MP: 1/1
    15 | D        | Reached XP level 2. HP: 19/20 MP: 2/2
    53 | D        | Noticed Jessica
    57 | D        | Killed Jessica
    57 | D        | Reached skill level 5 in Fighting
    57 | D        | Reached skill level 5 in Shields
    57 | D        | Reached XP level 3. HP: 26/26 MP: 3/3
    81 | D        | Noticed a scorpion
    99 | D        | Killed a scorpion
    99 | D        | Reached skill level 5 in Maces & Flails
    99 | D        | Reached XP level 4. HP: 26/32 MP: 4/4
   168 | D        | Noticed a water elemental
   174 | D        | Killed a water elemental
   174 | D        | Reached XP level 5. HP: 38/38 MP: 5/5
   273 | D        | Noticed a shadow
   280 | D        | Killed a shadow
   280 | D        | Reached XP level 6. HP: 24/46 MP: 6/6
   286 | D        | Found a blossoming altar of Fedhas.
   286 | D        | Found a stormy altar of Qazlal.
   286 | D        | Found a snail-covered altar of Cheibriados.
   286 | D        | Found a burning altar of Makhleb.
   286 | D        | Found a shimmering altar of Xom.
   286 | D        | Noticed a spatial vortex
   287 | D        | Found a hazy altar of Hepliaklqana.
   287 | D        | Found an opulent altar of Gozag.
   287 | D        | Found a sparkling altar of Nemelex Xobeh.
   287 | D        | Found a corrupted altar of Lugonu.
   287 | D        | Found a viscous altar of Jiyva.
   289 | D        | Became a worshipper of Cheibriados the Contemplative
   295 | D        | Slain by a spatial vortex

Illustrated notes

Levels and vault maps discovered:
D:        dungeon_sprint_mu [sprint_mu_entry_cave, sprint_mu_temple_rooms,
          sprint_mu_d1_horrors, sprint_mu_d2_genie, sprint_mu_d3_branching,
          sprint_mu_orc_legion, sprint_mu_elf_gauntlet, sprint_mu_hive_nellie,
          sprint_mu_lair_fedhas, sprint_mu_vaults_butterflies,
          sprint_mu_slime_circle, sprint_mu_swamp_cave, sprint_mu_shoals_archi,
          sprint_mu_blade_basic, sprint_mu_crypt_fortress,
          sprint_mu_tomb_spiral, sprint_mu_vestibule_basic,
          sprint_mu_gehenna_hellfire, sprint_mu_dis_giant,
          sprint_mu_tartarus_statrot, sprint_mu_cocytus_islands, sprint_mu_zot1]

Skill      XL: |  1  2  3  4  5 |
---------------+----------------+-----
Fighting       | 4 5 6 7 9 |  9.2
Maces & Flails | 3 4 5 6 8 |  8.0
Shields        | 4 5 6 7 9 |  9.3
Armour         | |  3.2

Action                   |  1- 3 |  4- 6 || total
-------------------------+-------+-------++-------
Melee: Flail             |    39 |    18 ||    57
  Use: Potion            |     1 |     2 ||     3
Armor: Scale mail        |     9 |     3 ||    12
Dodge: Dodged            |     6 |     3 ||     9
Block: Kite shield       |    14 |     4 ||    18

Table legend: (Time is in decaauts)
 A = Elapsed time spent in this place.
 B = Non-inter-level travel time spent in this place.
 C = Inter-level travel time spent in this place.
 D = Time resting spent in this place.
 E = Time spent auto-exploring this place.
 F = Levels seen in this place.
 G = Mean time per level.
                   A        B        C        D        E       F      G
               +--------+--------+--------+--------+--------+-----+--------+
         Total |    301 |    301 |      0 |    135 |      0 |   1 |  301.0 |
       Dungeon |    301 |    301 |      0 |    135 |      0 |   1 |  301.0 |
               +--------+--------+--------+--------+--------+-----+--------+

Top non-repeatable levels by time:
       D: 301 daAuts
